 Dungeon Crawl Stone Soup version 0.30.0-30-g96aa6591b8 (webtiles) character file.

Game seed: 7946460017455964517

85 Arkanazzt the Trooper (level 4, -18/41 HPs)
             Began as a Hill Orc Fighter on July 1, 2023.
             Killed by an exploding goblin (31 damage)
             ... ignited by their inner flame
             ... on level 3 of the Dungeon.
             The game lasted 00:11:23 (1633 turns).

Arkanazzt the Trooper (Hill Orc Fighter)            Turns: 1633, Time: 00:11:24

Health: -18/41     AC: 11    Str: 20    XL:     4   Next: 48%
Magic:  4/4        EV:  5    Int:  8    God:
Gold:   141        SH:  4    Dex: 10    Spells: 3/3 levels left

rFire   . . .        a - +1 long sword
rCold   . . .        c - +0 buckler
rNeg    . . .        l - +0 plate armour
rPois   .            (no helmet)
rElec   .            (no cloak)
rCorr   .            (no gloves)
SInv    .            (no boots)
Will    .....        (no amulet) Stlth
                     (no ring)
HPRegen 0.26/turn    (no ring)
MPRegen 0.09/turn

%: no passive effects
@: about to teleport
A: no striking features
a: no special abilities


You were on level 3 of the Dungeon.
You visited 1 branch of the dungeon, and saw 3 of its levels.

You collected 141 gold pieces.

Inventory:

Hand Weapons
 a - a +1 long sword (weapon)
Armour
 b - a +0 scale mail
 c - a +0 buckler (worn)
 j - a +0 robe
 l - a +0 plate armour (worn)
 r - a +0 cloak
Scrolls
 e - a scroll of vulnerability
 i - a scroll of noise
Potions
 d - 4 potions of might
 f - 4 potions of mutation
 g - a potion of curing
 o - a potion of ambrosia {unknown}
 q - 2 potions of flight


   Skills:
 + Level 4.3 Fighting
 + Level 3.3 Long Blades
 + Level 4.1 Armour
 + Level 0.4 Dodging
 + Level 3.6 Shields


You had 3 spell levels left.
You didn't know any spells.
Your spell library was empty.

Dungeon Overview and Level Annotations

Branches:
Dungeon (3/15)

Altars:

Annotations:
D:3 Robin


Message History

A goblin comes into view. It is wielding a +0 dagger.
You hit the goblin.
The goblin is moderately wounded.
The goblin barely misses you. The goblin hits you but does no damage.
Robin throws the goblin at you!
You barely miss the goblin.
The goblin hits you but does no damage. x2
You block the goblin's attack.
You hit the goblin.
The goblin is moderately wounded.
The goblin hits you with a +0 dagger. The goblin hits you but does no damage.
The goblin hits you with a +0 club.
The goblin hits you but does no damage. x2
You block the goblin's attack.
You barely miss the goblin. The goblin hits you but does no damage.
The goblin hits you with a +0 club. The goblin barely misses you.
You hit the goblin.
You kill the goblin!
The goblin hits you but does no damage. You block the goblin's attack.
The goblin shoots a sling bullet.
The sling bullet hits you but does no damage.
As you read the scroll labelled ITHALO RICIF, it crumbles to dust.
You feel strangely unstable.
It was a scroll of teleportation.
The goblin hits you but does no damage. You block the goblin's attack.
Unknown command.
You slash the hobgoblin!
You kill the hobgoblin!
You block the goblin's attack.
As you read the scroll labelled TOTTER CIKI, it crumbles to dust.
It is a scroll of amnesia.
You feel forgetful for a moment.
The goblin no longer looks unusually strong.
The goblin hits you but does no damage. x2; The goblin hits you with a +0 club.
As you read the scroll labelled OSEIVEL DIBLE, it crumbles to dust.
The creatures around you are filled with an inner flame!
It was a scroll of immolation.
You block the goblin's attack. The goblin hits you with a +0 dagger.
The goblin hits you but does no damage.
You hit the goblin.
The goblin explodes!
The fiery explosion engulfs you!!
Ouch! That really hurt!
You die...

#.g#.# ##..#.# .#
.gg#.# .# #g.#.# .#
#..#.# .# #..#.#
.#.#
#.#.#..#.####§#.# #
.........gg@§g#.#$##
#?#.##.#..##g§.....#
...#....g.....##
#.##.#...#..###.# #
#.#...#..# #
.........###.##
.....>†.......#
.......†......#
......#.#######


You could see Robin (inner flame) and 4 goblins.

Vanquished Creatures
  3 adders
  2 dart slugs (D:1)
  4 endoplasms
  A giant cockroach (D:1)
  9 goblins
  7 hobgoblins
  5 jackals (D:1)
  6 kobolds
  3 quokkas
  3 ball pythons
  3 bats
  A frilled lizard (D:1)
  A rat (D:1)
48 creatures vanquished.

Notes
Turn   | Place    | Note
-------+----------+-------------------------------------------
     0 | D:1      | Arkanazzt the Hill Orc Fighter began the quest for the Orb.
     0 | D:1      | Reached XP level 1. HP: 19/19 MP: 1/1
    38 | D:1      | Reached XP level 2. HP: 22/27 MP: 2/2
   295 | D:1      | Reached XP level 3. HP: 16/33 MP: 3/3
  1120 | D:2      | Reached XP level 4. HP: 40/40 MP: 4/4
  1610 | D:3      | Noticed Robin
  1633 | D:3      | Killed by an exploding goblin... ignited by their inner
                  | flame

Illustrated notes

Levels and vault maps discovered:
D:1:      wander_arrival_fairy_ring, layout_basic, st_stairs_14
D:2:      layout_loops_ring, grunt_decor_mini_mirrors
D:3:      layout_basic, serial_shops, shop, uniq_robin

Skill      XL: |  1  2  3  4 |
---------------+-------------+-----
Fighting       | 4 |  4.3
Armour         | 4 |  4.1
Long Blades    | 3 |  3.3
Dodging        | |  0.4
Shields        | |  3.6

Action                     |  1- 3 |  4- 6 || total
---------------------------+-------+-------++-------
  Melee: Long sword        |   104 |    54 ||   158
    Use: Scroll            |     4 |     6 ||    10
         Potion            |       |     1 ||     1
 Armour: Scale mail        |    45 |       ||    45
         Plate armour      |    15 |    67 ||    82
  Dodge: Dodged            |    40 |    22 ||    62
  Block: Buckler           |    27 |    22 ||    49
